 Dungeon Crawl Stone Soup version 0.21-a0-552-g593960d (webtiles) character file.

21708 polly the Fighter (level 12, -4/163 (165) HPs)
             Began as a Demonspawn Berserker on Dec 18, 2017.
             Was the Champion of Trog.
             Slain by a cyclops (25 damage)
             ... on level 13 of the Dungeon.
             The game lasted 00:19:49 (11733 turns).

polly the Fighter (Demonspawn Berserker)           Turns: 11733, Time: 00:19:50

HP:   -4/163 (165)  AC: 15    Str: 30    XL:     12   Next: 56%
MP:   12/12         EV: 12    Int:  8    God:    Trog [******]
Gold: 623           SH:  6    Dex: 17    Spells: 11/11 levels left

rFire    + . .     SeeInvis .   N - +12 halberd of Cataclysm {freeze, *Contam rElec Str+4}
rCold    . . .     Gourm    .   (shield currently unavailable)
rNeg     . . .     Faith    +   O - +0 plate armour
rPois    +         Spirit   .   (helmet unavailable)
rElec    +         Reflect  .   u - +0 cloak
rCorr    .         Harm     .   (no gloves)
MR       +....                  (no boots)
Stlth    ..........             P - amulet of faith
HPRegen  0.37/turn              A - ring of stealth
MPRegen  0.13/turn              D - +2 ring of strength

@: berserking, very quick
A: horns 3, large bone plates 2, fire resistance 1, magic resistance 1, poison
resistance, powered by pain 1, robust 1, spiny 2
a: Berserk, Trog's Hand, Brothers in Arms, Burn Spellbooks, Renounce Religion


You were on level 13 of the Dungeon.
You worshipped Trog.
Trog was exalted by your worship.
You were very hungry.

You visited 1 branch of the dungeon, and saw 13 of its levels.

You collected 623 gold pieces.

Inventory:

Hand Weapons
 B - the +6 falchion "Nuluc" {speed, rF+ Int+2}
   (You found it on level 7 of the Dungeon)

   Attacks with this weapon are significantly faster.
   It affects your intelligence (+2).
   It protects you from fire.
 N - the +12 halberd of Cataclysm (weapon) {freeze, *Contam rElec Str+4}
   (Trog gifted it to you on level 12 of the Dungeon)

   It has been specially enchanted to freeze those struck by it, causing extra
   injury to most foes and up to half again as much damage against particularly
   susceptible opponents.
   It can also slow down cold-blooded creatures.
   It affects your strength (+4).
   It insulates you from electricity.
   It causes magical contamination when unequipped.
Missiles
 n - 2 throwing nets (quivered)
Armour
 u - a +0 cloak (worn)
 M - a +0 buckler
 O - a +0 plate armour (worn)
Jewellery
 k - a +3 ring of dexterity
 A - a ring of stealth (left hand)
 D - a +2 ring of strength (right hand)
 P - an amulet of faith (around neck)
Wands
 z - a wand of polymorph (16)
 C - a wand of scattershot (5)
 E - a wand of digging (26)
 F - a wand of paralysis (15)
Scrolls
 a - a scroll of acquirement {unknown}
 b - a scroll of holy word {unknown}
 h - 3 scrolls of identify
 i - 6 scrolls of amnesia {unknown}
 j - 2 scrolls of magic mapping {unknown}
 l - 3 scrolls of fear {unknown}
 m - a scroll of enchant armour {unknown}
 o - 3 scrolls of enchant weapon {unknown}
 r - 4 scrolls of fog {unknown}
 x - 4 scrolls of teleportation {unknown}
 y - 7 scrolls of remove curse {unknown}
 H - a scroll of blinking {unknown}
 I - 2 scrolls of immolation {unknown}
Potions
 d - 3 potions of cancellation
 e - 11 potions of curing
 f - 7 potions of haste
 p - 5 potions of flight
 q - 5 potions of heal wounds
 s - 3 potions of mutation
 t - 2 potions of might
 w - a potion of invisibility
 J - a potion of agility
 L - 2 potions of brilliance {unknown}
Miscellaneous
 K - a lamp of fire
Comestibles
 c - 15 bread rations
 g - 3 fruits
 v - 4 meat rations
 G - 3 royal jellies


   Skills:
 + Level 11.0 Fighting
 + Level 6.0 Long Blades
   Level 5.8 Maces & Flails
 + Level 4.5 Polearms
 + Level 1.0 Throwing
 + Level 8.8 Armour
 + Level 7.6 Dodging
 + Level 9.0 Stealth
 + Level 1.9 Shields


You had 11 spell levels left.
You didn't know any spells.

Dungeon Overview and Level Annotations

Branches:
Dungeon (13/15)            Temple (0/1) D:4            Lair (0/6) D:11
    Orc (0/2) D:9
 Vaults: D:13-14

Altars:
Cheibriados
Elyvilon
Gozag
Makhleb
Ru
Uskayaw
Vehumet
Wu Jian
Zin
The Shining One

Shops:
D:6 %   D:9 !   D:10 }   D:11 (   D:12 !   D:13 ?

Portals:
Trove: D:10 (show slimy rune of Zot)


Innate Abilities, Weirdness & Mutations

You have a pair of large horns on your head.
You are mostly covered in large bone plates. (SH +6)
Your flesh is heat resistant. (rF+)
You sometimes gain a little power by taking damage.
You are mostly covered in sharp spines.
You are resistant to hostile enchantments. (MR+)
Your system is resistant to poisons. (rPois)
You are robust. (+10% HP)


Message History

You are too injured to fight recklessly!
You are too injured to fight recklessly!
You are too injured to fight recklessly!
You are too injured to fight recklessly!
The cyclops throws a large rock.
The large rock hits you!
You see here a large rock.
You slash the cyclops! You freeze the cyclops. You headbutt the cyclops!
The cyclops is heavily wounded.
The cyclops is struck by your spines. The cyclops hits you!
* * * LOW HITPOINT WARNING * * *
Your plate armour prevents you from hitting the cyclops.
You headbutt the cyclops.
The cyclops is severely wounded.
The cyclops hits you!
* * * LOW HITPOINT WARNING * * *
A red film seems to cover your vision as you go berserk!
You feel yourself moving faster!
You feel mighty!
You are feeling very hungry.
The cyclops hits you!!
You die...

...............
###..########## #..#
# #..# .#
###..##############.#
....................#
......>.............#
....................#
...............(@C..#
.............(∩.....#
...........(........#
########..(.........#
#..#########.# #..#
.# ########..##### #
................
................


You could see a cyclops.

Vanquished Creatures
  Erica (D:9)
  A centaur warrior (D:11)
  4 two-headed ogres
  A tengu warrior (D:11)
  2 unseen horrors
  Pikel (D:5)
  A cyclops (D:7)
  2 ugly things (D:11)
  A manticore (D:10)
  A kobold demonologist (D:11)
  3 trolls (D:11)
  Grinder (D:6)
  11 slime creatures
  5 hippogriffs
  25 yaks
  A vampire (D:12)
  A yak (shapeshifter) (D:11)
  2 vampire mosquitoes (D:12)
  Menkaure (D:5)
  An acid dragon (D:13)
  A water moccasin (D:11)
  3 sky beasts
  A slave (D:5)
  6 orc warriors
  2 black bears
  4 ice beasts
  4 ogres
  3 phantoms
  2 centaurs
  A necrophage (D:10)
  2 big kobolds
  6 bullfrogs
  Blork the orc (D:4)
  A gnoll sergeant (D:8)
  A water moccasin zombie (D:11)
  3 scorpions
  5 killer bees (D:12)
  5 wights (D:6)
  2 howler monkeys
  4 crimson imps
  A bullfrog skeleton (D:12)
  3 centaur zombies
  A hound (D:7)
  5 bullfrog zombies
  7 jellies
  5 orc priests
  7 orc wizards
  4 centaur skeletons
  4 iguanas
  7 worker ants
  A worker ant zombie (D:9)
  12 gnolls
  15 adders
  6 shadow imps
  An adder zombie (D:5)
  An adder skeleton (D:4)
  2 worms (D:2)
  2 dart slugs (D:2)
  6 leopard geckos
  28 orcs
  5 bats
  2 giant cockroaches
  8 goblins
  11 hobgoblins
  20 kobolds
  2 quokkas (D:4)
  A ball python (D:1)
  4 frilled lizards
  3 hobgoblin zombies (D:9)
  2 kobold skeletons (D:9)
  2 kobold zombies (D:9)
  A leopard gecko skeleton (D:5)
  2 leopard gecko zombies
  An orc zombie (D:9)
  A quokka skeleton (D:7)
  A quokka zombie (D:9)
  6 rats (D:1)
313 creatures vanquished.

Vanquished Creatures (others)
  2 plants (D:11)
2 creatures vanquished.

Grand Total: 315 creatures vanquished

Notes
Turn   | Place    | Note
-------+----------+-------------------------------------------
     0 | D:1      | polly the Demonspawn Berserker began the quest for the Orb.
     0 | D:1      | Reached XP level 1. HP: 18/18 MP: 1/1
   289 | D:1      | Gained mutation: You are partially covered in sharp spines. [demonic ancestry]
   289 | D:1      | Reached XP level 2. HP: 16/24 MP: 2/2
   783 | D:2      | Gained mutation: You are mostly covered in sharp spines. [demonic ancestry]
   783 | D:2      | Reached XP level 3. HP: 20/29 MP: 3/3
   786 | D:2      | Reached ** piety under Trog
  1164 | D:2      | Gained mutation: You are partially covered in large bone plates. (SH +4) [demonic ancestry]
  1164 | D:2      | Reached XP level 4. HP: 24/37 MP: 4/4
  1606 | D:2      | Found a burning altar of Makhleb.
  2046 | D:3      | Reached skill level 4 in Fighting
  2049 | D:3      | Gained mutation: You have a pair of small horns on your head. [demonic ancestry]
  2049 | D:3      | Reached XP level 5. HP: 41/42 MP: 5/5
  2207 | D:3      | Reached *** piety under Trog
  2591 | D:4      | Noticed an ogre
  2600 | D:4      | Killed an ogre
  2600 | D:4      | Reached skill level 1 in Stealth
  2600 | D:4      | Gained mutation: You are mostly covered in large bone plates. (SH +6) [demonic ancestry]
  2600 | D:4      | Reached XP level 6. HP: 49/49 MP: 6/6
  2898 | D:4      | Noticed Blork the orc
  2924 | D:4      | Killed Blork the orc
  3068 | D:4      | Found an opulent altar of Gozag.
  3077 | D:4      | Gained mutation: You sometimes gain a little power by taking damage. [demonic ancestry]
  3077 | D:4      | Reached XP level 7. HP: 47/55 MP: 7/7
  3190 | D:4      | Found a staircase to the Ecumenical Temple.
  3272 | D:5      | Entered Level 5 of the Dungeon
  3352 | D:5      | Noticed Menkaure
  3360 | D:5      | Killed Menkaure
  3360 | D:5      | Reached skill level 5 in Maces & Flails
  3595 | D:5      | Reached skill level 5 in Fighting
  3850 | D:5      | Noticed Pikel
  3852 | D:5      | You fall through a shaft for 3 floors!
  4212 | D:7      | Gained mutation: You have a pair of horns on your head. [demonic ancestry]
  4212 | D:7      | Reached XP level 8. HP: 52/62 MP: 8/8
  4241 | D:7      | Got a transparent falchion
  4245 | D:7      | Identified the +6 falchion "Nuluc" {speed, rF+ Int+2} (You found it on level 7 of the Dungeon)
  4479 | D:7      | Noticed a cyclops
  4493 | D:7      | Killed a cyclops
  4493 | D:7      | Reached skill level 5 in Dodging
  4493 | D:7      | Reached skill level 5 in Stealth
  4827 | D:6      | Reached skill level 6 in Fighting
  5114 | D:5      | Killed Pikel
  5114 | D:5      | Reached XP level 9. HP: 40/71 MP: 9/9
  5549 | D:6      | Noticed Grinder
  5561 | D:6      | Killed Grinder
  5561 | D:6      | Reached skill level 7 in Fighting
  5567 | D:6      | Reached **** piety under Trog
  5901 | D:6      | Found Kerrudi's Food Emporium.
  6309 | D:7      | Found a white marble altar of Elyvilon.
  6313 | D:7      | Found a sacrificial altar of Ru.
  6580 | D:8      | Found an ornate altar of the Wu Jian Council.
  6584 | D:8      | Found a hide-covered altar of Uskayaw.
  6584 | D:8      | Found a snail-covered altar of Cheibriados.
  6597 | D:8      | Found a glowing silver altar of Zin.
  6601 | D:8      | Found a radiant altar of Vehumet.
  6967 | D:9      | Found a glowing golden altar of the Shining One.
  7000 | D:9      | Found Vourey's Distillery.
  7054 | D:9      | Noticed a two-headed ogre
  7060 | D:9      | Noticed a two-headed ogre
  7065 | D:9      | Killed a two-headed ogre
  7065 | D:9      | Reached skill level 8 in Fighting
  7065 | D:9      | Gained mutation: You have a pair of large horns on your head. [demonic ancestry]
  7065 | D:9      | Reached XP level 10. HP: 32/80 MP: 10/10
  7071 | D:9      | Killed a two-headed ogre
  7071 | D:9      | Reached ***** piety under Trog
  7071 | D:9      | Reached skill level 5 in Armour
  7262 | D:9      | Noticed a two-headed ogre
  7271 | D:9      | Killed a two-headed ogre
  7271 | D:9      | Reached skill level 9 in Fighting
  7312 | D:9      | Noticed Erica
  7317 | D:9      | Killed Erica
  7318 | D:9      | Found a staircase to the Orcish Mines.
  7955 | D:10     | Entered Level 10 of the Dungeon
  7970 | D:10     | Found Teklous's Gadget Boutique.
  8107 | D:10     | Gained mutation: Your flesh is heat resistant. (rF+) [demonic ancestry]
  8107 | D:10     | Reached XP level 11. HP: 54/90 MP: 11/11
  8228 | D:10     | Killed an unseen horror
  8228 | D:10     | Reached skill level 1 in Throwing
  8417 | D:10     | Found a portal to a secret trove of treasure.
  8741 | D:10     | Reached skill level 10 in Fighting
  8985 | D:11     | Noticed a centaur warrior
  8996 | D:11     | Killed a centaur warrior
  8996 | D:11     | Reached skill level 1 in Long Blades
  9088 | D:11     | Noticed a red ugly thing
  9104 | D:11     | Killed a red ugly thing
  9335 | D:11     | Noticed a brown ugly thing
  9343 | D:11     | Killed a brown ugly thing
  9428 | D:11     | Gained mutation: You are robust. (+10% HP) [mutagenic meat]
  9429 | D:11     | Gained mutation: Your system is resistant to poisons. (rPois) [mutagenic meat]
  9431 | D:11     | Gained mutation: You are resistant to hostile enchantments. (MR+) [mutagenic meat]
  9470 | D:11     | Found a staircase to the Lair.
  9555 | D:11     | Noticed a two-headed ogre
  9561 | D:11     | Killed a two-headed ogre
  9715 | D:11     | Found Diodwah's Weapon Shoppe.
  9933 | D:11     | Received a gift from Trog
  9937 | D:11     | Reached XP level 12. HP: 91/107 MP: 12/12
  9939 | D:11     | Reached skill level 5 in Long Blades
 10031 | D:11     | Noticed a tengu warrior
 10044 | D:11     | Killed a tengu warrior
 10315 | D:12     | Received a gift from Trog
 10326 | D:12     | Got a transparent halberd {god gift}
 10335 | D:12     | Identified the +12 halberd of Cataclysm {freeze, *Contam rElec Str+4} (Trog gifted it to you on level 12 of the Dungeon)
 10671 | D:12     | Found Elatuz's Distillery.
 10853 | D:12     | Reached skill level 1 in Shields
 10889 | D:12     | Reached skill level 1 in Polearms
 11641 | D:13     | Reached ****** piety under Trog
 11644 | D:13     | Received a gift from Trog
 11694 | D:13     | Reached skill level 11 in Fighting
 11723 | D:13     | Found Jekkouc's Magic Scroll Boutique.
 11733 | D:13     | Slain by a cyclops

Vault maps used:
D:1:      lemuel_arrival_behind_the_door_large, minmay_tromino_v2
D:2:      bloody_makhleb
D:4:      temple_hall, nicolae_gozag_seed_capital, uniq_blork_the_orc
D:5:      first_bread, uniq_menkaure, uniq_pikel
D:6:      serial_shops, shop, uniq_grinder
D:7:      minitemple
D:8:      minmay_overflow_temple_star_hex
D:9:      nicolae_tso_besieged_by_evil, orc_0_dummy, serial_shops, shop,
          uniq_erica
D:10:     enter_trove_3, serial_shops, shop
D:11:     cheibrodos_elevator_heist, lair_entry_dummy, serial_shops,
          nicolae_shop_temple_entry_statues_fountains, grunt_tengu_nest
D:12:     serial_shops, kennysheep_mini_moat, minmay_orc_keep
D:13:     serial_shops, shop

Skill      XL: |  1  2  3  4  5  6  7  8  9 10 11 12 |
---------------+-------------------------------------+-----
Maces & Flails | 3 4 5 |  5.8
Dodging        | 2 3 4 5 6 7 |  7.6
Armour         | 2 4 6 8 |  8.8
Fighting       | 4 5 6 8 9 10 11 | 11.0
Stealth        | 1 2 3 6 7 9 |  9.0
Throwing       | 1 |  1.0
Long Blades    | 4 6 |  6.0
Shields        | 1 |  1.9
Polearms       | 4 |  4.5

Action                   |  1- 3 |  4- 6 |  7- 9 | 10-12 || total
-------------------------+-------+-------+-------+-------++-------
Melee: Mace              |    75 |    99 |    49 |       ||   223
       Headbutt          |       |    16 |    67 |   141 ||   224
       Falchion          |       |       |   165 |   304 ||   469
       Halberd           |       |       |       |    86 ||    86
Throw: Throwing net      |       |     1 |     1 |     1 ||     3
Invok: Berserk           |     2 |     2 |     5 |     3 ||    12
  Use: Scroll            |       |       |       |    10 ||    10
 Stab: Sleeping          |     1 |     4 |     6 |     8 ||    19
       Distracted        |       |     1 |       |       ||     1
  Eat: Chunk             |     1 |     4 |    16 |    19 ||    40
       Meat ration       |       |     1 |       |       ||     1
       Fruit             |       |       |     2 |       ||     2
       Royal jelly       |       |       |       |     1 ||     1
Armor: Animal skin       |    11 |    14 |     2 |       ||    27
       Scale mail        |       |       |    33 |    51 ||    84
       Plate armour      |       |       |       |    37 ||    37
Dodge: Dodged            |    42 |    50 |    80 |   172 ||   344
Block: Other             |       |    30 |    37 |    94 ||   161
       Buckler           |       |       |       |    13 ||    13
       Rpst.: Falchion   |       |       |    15 |    39 ||    54

Table legend:
 A = Spawn XP
 B = Non-spawn XP
 C = Spawn XP percentage of total XP
 D = Spawn monster count
 E = Non-spawn monster count
 F = Spawn count percentage of total count
 G = Total turns spent on level
                    A         B        C        D         E        F      G
               +---------+---------+-------+---------+---------+-------+---------
         Total |       0 |   31012 |   0.0 |       0 |     312 |   0.0 | 11733
               +---------+---------+-------+---------+---------+-------+---------
           D:1 |       0 |      33 |   0.0 |       0 |      21 |   0.0 |   776
           D:2 |       0 |     105 |   0.0 |       0 |      20 |   0.0 |  1180
           D:3 |       0 |     127 |   0.0 |       0 |      20 |   0.0 |   599
           D:4 |       0 |     508 |   0.0 |       0 |      18 |   0.0 |   717
           D:5 |       0 |    1158 |   0.0 |       0 |      10 |   0.0 |  1066
           D:6 |       0 |    1032 |   0.0 |       0 |      24 |   0.0 |   744
           D:7 |       0 |    1044 |   0.0 |       0 |      14 |   0.0 |   935
           D:8 |       0 |     522 |   0.0 |       0 |      14 |   0.0 |   919
           D:9 |       0 |    5463 |   0.0 |       0 |      38 |   0.0 |  1019
          D:10 |       0 |    4258 |   0.0 |       0 |      26 |   0.0 |   937
          D:11 |       0 |    8816 |   0.0 |       0 |      49 |   0.0 |  1307
          D:12 |       0 |    3776 |   0.0 |       0 |      43 |   0.0 |  1095
          D:13 |       0 |    4170 |   0.0 |       0 |      15 |   0.0 |   439
               +---------+---------+-------+---------+---------+-------+---------
